 Dungeon Crawl Stone Soup version 0.30-a0-1124-g6e8f0f562f (webtiles) character file.

Game seed: 15538141251185151093

33 pokedragonboy the Covered (level 3, 23/23 HPs)
             Began as a Gargoyle Fighter on Apr 24, 2023.
             Quit the game on level 2 of the Dungeon.
             The game lasted 00:01:18 (1028 turns).

pokedragonboy the Covered (Gargoyle Fighter)        Turns: 1028, Time: 00:01:18

Health: 23/23      AC: 10    Str: 21    XL:     3   Next: 29%
Magic:  4/4        EV:  9    Int:  8    God:
Gold:   58         SH:  4    Dex:  9    Spells: 2/2 levels left

rFire   . . .        a - +0 war axe
rCold   . . .        c - +0 buckler
rNeg    + . .        b - +0 scale mail
rPois   ∞            (no helmet)
rElec   +            (no cloak)
rCorr   .            (no gloves)
SInv    .            (no boots)
Will    .....        (no amulet) Stlth
                     (no ring)
HPRegen 0.23/turn    (no ring)
MPRegen 0.09/turn

%: no passive effects
@: no status effects
A: sickness immunity, AC +3, negative energy resistance 1, electricity
resistance, torment resistance 1, petrification resistance
a: no special abilities


You were on level 2 of the Dungeon.
You visited 1 branch of the dungeon, and saw 2 of its levels.

You collected 58 gold pieces.

Inventory:

Hand Weapons
 a - a +0 war axe (weapon)
Armour
 b - a +0 scale mail (worn)
 c - a +0 buckler (worn)
Scrolls
 e - 2 scrolls of teleportation {unknown}
 f - a scroll of blinking {unknown}
 g - 2 scrolls of identify {unknown}
 j - a scroll of vulnerability {unknown}
 k - a scroll of amnesia {unknown}
 l - a scroll of noise {unknown}
Potions
 d - a potion of might
 h - a potion of heal wounds {unknown}
 i - a potion of cancellation {unknown}


   Skills:
 + Level 3.5 Fighting
 * Level 2.3 Axes
 + Level 3.5 Armour
 - Level 3.2 Shields
 * Level 1.5 Invocations


You had 2 spell levels left.
You didn't know any spells.
Your spell library contained the following spells:

 Spells                   Type           Power      Damage    Failure   Level
 Simulacrum               Ice/Necr       0%         N/A       100%        6
 Ozocubu's Refrigeration  Ice            0%         4d7       100%        7
 Polar Vortex             Ice            0%         N/A       100%        9


Dungeon Overview and Level Annotations

Branches:
Dungeon (2/15)

Altars:

Shops:
D:2 =


Innate Abilities, Weirdness & Mutations

You are immune to sickness and miasma.
Your stone body is resilient. (AC +3)
You are immune to poison.
You resist negative energy. (rN+)
You are resistant to electric shocks. (rElec)
You are resistant to unholy torment.
You are immune to petrification.


Message History

A worm is nearby!
You hit the worm.
The worm is moderately wounded.
The worm bites you.
You barely miss the worm.
The worm is moderately wounded.
The worm bites you but does no damage.
You hit the worm.
The worm is moderately wounded.
You hit the worm.
The worm is heavily wounded.
You block the worm's attack.
You barely miss the worm.
The worm is moderately wounded.
You block the worm's attack.
You slash the worm!
The worm is almost dead.
The worm bites you but does no damage.
You hit the worm but do no damage.
The worm is severely wounded.
The worm bites you!
You are too injured to fight recklessly!
You are too injured to fight recklessly!
You are too injured to fight recklessly!
You are too injured to fight recklessly!
You are too injured to fight recklessly!
You are too injured to fight recklessly!
You are too injured to fight recklessly!
You hit the worm but do no damage.
The worm is severely wounded.
The worm closely misses you.
You hit the worm.
The worm is almost dead.
The worm bites you.
* * * LOW HITPOINT WARNING * * *
You slash the worm!
You kill the worm!
You start resting.
HP restored.
Are you sure you want to abandon this character and quit the game? (Confirm with "yes".)

#.##.###+###### #..#.#
#.# #.#.# #.#
##.####...# #.#
.........####.# #####
##.####.≈≈≈##.# #...#
#.####.≈∩≈##.# #.#.#
#.....>≈≈.##.####
#.#.#########.##@......#
#.#...........#####.##.#
#.############# ######.#
#.# #..†...# #.#
#.###### #.# #.# #.# #.#
#.###############.#
#.................#


There were no monsters in sight!

Vanquished Creatures
  2 worms (D:2)
  3 endoplasms (D:1)
  A giant cockroach (D:1)
  2 jackals (D:1)
  5 kobolds (D:1)
  2 quokkas (D:1)
  5 ball pythons (D:1)
  3 goblins (D:1)
  2 rats (D:1)
25 creatures vanquished.

Notes
Turn   | Place    | Note
-------+----------+-------------------------------------------
     0 | D:1      | pokedragonboy the Gargoyle Fighter began the quest for the
                  | Orb.
     0 | D:1      | Reached XP level 1. HP: 14/14 MP: 1/1
   283 | D:1      | Reached XP level 2. HP: 19/19 MP: 2/2
   363 | D:1      | Reached skill level 1 in Invocations
   675 | D:1      | Reached XP level 3. HP: 21/23 MP: 2/4
   873 | D:2      | Found Siplar's Jewellery Shoppe.
  1028 | D:2      | Quit the game

Illustrated notes

Levels and vault maps discovered:
D:1:      dpeg_arrival_radiant, layout_basic, palyth_stone_intersect,
          st_stairs_6, hangedman_feature_mirror
D:2:      layout_basic, serial_shops, nicolae_shop_hallway_plus,
          nicolae_shop_real_fake_doors, nicolae_shop_tiny_waterfront, shop,
          nicolae_shop_temple_entry_statues_fountains

Skill      XL: |  1  2 |
---------------+-------+-----
Axes           | 2 |  2.3
Invocations    | 1 |  1.5
Fighting       | |  3.5
Armour         | |  3.5
Shields        | |  3.2

Action                     || total
---------------------------++-------
  Melee: War axe           ||    90
 Armour: Scale mail        ||    49
  Dodge: Dodged            ||    38
  Block: Buckler           ||    19

Table legend: (Time is in decaauts)
 A = Elapsed time spent in this place.
 B = Non-inter-level travel time spent in this place.
 C = Inter-level travel time spent in this place.
 D = Time resting spent in this place.
 E = Time spent auto-exploring this place.
 F = Levels seen in this place.
 G = Mean time per level.
                   A        B        C        D        E       F      G
               +--------+--------+--------+--------+--------+-----+--------+
         Total |   1066 |   1052 |     14 |     70 |    765 |   2 |  533.0 |
       Dungeon |   1066 |   1052 |     14 |     70 |    765 |   2 |  533.0 |
               +--------+--------+--------+--------+--------+-----+--------+

Top non-repeatable levels by time:
     D:1: 877 daAuts
     D:2: 189 daAuts
